 Dungeon Crawl Stone Soup version 0.29.1-12-g30fa7ad0bf (webtiles) character file.

Game seed: 15953160997668561082

71 xzight the Shield-Bearer (level 4, -4/41 HPs)
             Began as a Gnoll Fighter on Dec 29, 2022.
             Slain by a gnoll
             ... wielding a +0 flail of holy wrath
              (8 damage)
             ... on level 2 of the Dungeon.
             The game lasted 00:01:17 (1405 turns).

xzight the Shield-Bearer (Gnoll Fighter)            Turns: 1405, Time: 00:01:18

Health: -4/41      AC:  7    Str: 15    XL:     4   Next: 24%
Magic:  5/5        EV:  9    Int: 10    God:
Gold:   116        SH:  5    Dex: 11    Spells: 5/5 levels left

rFire   . . .      SeeInvis .   a - +0 trident
rCold   . . .      Faith    .   c - +0 buckler
rNeg    . . .      Spirit   .   b - +0 scale mail
rPois   .          Reflect  .   (no helmet)
rElec   .          Harm     .   (no cloak)
rCorr   .          Rampage  .   (no gloves)
Will    .....                   (no boots)
Stlth   ..........              (no amulet)
HPRegen 0.13/turn               (no ring)
MPRegen 0.09/turn               (no ring)

@: no status effects
A: fangs 1, strong nose, distributed training
a: no special abilities


You were on level 2 of the Dungeon.
You visited 1 branch of the dungeon, and saw 2 of its levels.

You collected 116 gold pieces.


Innate Abilities, Weirdness & Mutations

You have very sharp teeth.
Your uncanny sense of smell can sniff out nearby items.
Your experience applies equally to all skills.


   Skills:
 + Level 6.6 Fighting
 + Level 1.1 Short Blades
 + Level 1.1 Long Blades
 + Level 1.1 Axes
 + Level 1.1 Maces & Flails
 + Level 4.6 Polearms
 + Level 1.1 Staves
 + Level 1.1 Ranged Weapons
 + Level 1.1 Throwing
 + Level 6.6 Armour
 + Level 1.1 Dodging
 + Level 1.1 Stealth
 + Level 6.6 Shields
 + Level 1.1 Unarmed Combat
 + Level 1.1 Spellcasting
 + Level 0.9 Conjurations
 + Level 0.9 Hexes
 + Level 0.9 Summonings
 + Level 0.9 Necromancy
 + Level 0.9 Translocations
 + Level 0.9 Transmutations
 + Level 0.9 Fire Magic
 + Level 0.9 Ice Magic
 + Level 0.9 Air Magic
 + Level 0.9 Earth Magic
 + Level 0.9 Poison Magic
 + Level 1.2 Invocations
 + Level 1.1 Evocations


You had 5 spell levels left.
You didn't know any spells.
Your spell library contained the following spells:

 Spells                   Type           Power      Damage    Failure   Level
 Static Discharge         Conj/Air       2%         3-4/arc   83%         2
 Lightning Bolt           Conj/Air       1%         1d12      100%        5
 Summon Forest            Summ/Tloc      1%         N/A       100%        5
 Eringya's Noxious Bog    Tmut/Pois      1%         N/A       100%        6
 Summon Hydra             Summ           1%         N/A       100%        7
 Maxwell's Capacitive Co  Air            1%         ∞         100%        8

Inventory:

Hand Weapons
 a - a +0 trident (weapon)
Armour
 b - a +0 scale mail (worn)
 c - a +0 buckler (worn)
Scrolls
 e - 3 scrolls of teleportation {unknown}
 g - a scroll of magic mapping {unknown}
 h - a scroll of enchant weapon {unknown}
 j - a scroll of blinking {unknown}
 l - a scroll of butterflies {unknown}
Potions
 d - 2 potions of might
 f - 3 potions of curing {unknown}
 i - a potion of lignification {unknown}
 k - a potion of mutation {unknown}
 m - a potion of haste {unknown}

Dungeon Overview and Level Annotations

Branches:
Dungeon (2/15)

Altars:

#.........#.# ###
######.####.# ..###
#.####.# ....# ##......#
##.#.### #...#####
#......# #...#######
###.#..#g#.# #...#......
......)g.#.####...#...###
###.#.##@#...............
........................
####....................
#.#########...#...#.. ...
#...#...... #.# #######
#...#####.# #. #.....#
#...# #.. . #....>####.##
### #..........########


You could see 2 gnolls.


Message History

You puncture the gnoll!
The gnoll is severely wounded.
The gnoll barely misses you.
The gnoll hits you with a +0 flail of holy wrath.
* * * LOW HITPOINT WARNING * * *
You are too injured to fight recklessly!
You are too injured to fight recklessly!
You are too injured to fight recklessly!
You are too injured to fight recklessly!
You are too injured to fight recklessly!
You are too injured to fight recklessly!
You are too injured to fight recklessly!
You are too injured to fight recklessly!
You are too injured to fight recklessly!
You are too injured to fight recklessly!
You are too injured to fight recklessly!
You are too injured to fight recklessly!
You are too injured to fight recklessly!
You are too injured to fight recklessly!
You are too injured to fight recklessly!
You are too injured to fight recklessly!
The gnoll attacks as you move away! The gnoll hits you with a +0 whip!
* * * LOW HITPOINT WARNING * * *
The gnoll attacks as you move away!
The gnoll hits you with a +0 flail of holy wrath!
* * * LOW HITPOINT WARNING * * *
You hit the gnoll.
You kill the gnoll!
The gnoll hits you with a +0 flail of holy wrath!
You die...

Skill      XL: |  1  2  3 |
---------------+----------+-----
Invocations    | 1 |  1.2
Short Blades   | 1 |  1.1
Long Blades    | 1 |  1.1
Axes           | 1 |  1.1
Maces & Flails | 1 |  1.1
Staves         | 1 |  1.1
Ranged Weapons | 1 |  1.1
Throwing       | 1 |  1.1
Dodging        | 1 |  1.1
Stealth        | 1 |  1.1
Unarmed Combat | 1 |  1.1
Spellcasting   | 1 |  1.1
Evocations     | 1 |  1.1
Fighting       | |  6.6
Polearms       | |  4.6
Armour         | |  6.6
Shields        | |  6.6
Conjurations   | |  0.9
Hexes          | |  0.9
Summonings     | |  0.9
Necromancy     | |  0.9
Translocations | |  0.9
Transmutations | |  0.9
Fire Magic     | |  0.9
Ice Magic      | |  0.9
Air Magic      | |  0.9
Earth Magic    | |  0.9
Poison Magic   | |  0.9

Action                   |  1- 3 |  4- 6 || total
-------------------------+-------+-------++-------
Melee: Trident           |    97 |     9 ||   106
       Bite              |     3 |       ||     3
Armor: Scale mail        |    36 |     1 ||    37
Dodge: Dodged            |    42 |     1 ||    43
Block: Buckler           |    16 |       ||    16

Levels and vault maps discovered:
D:1:      dpeg_arrival_chambers_temple_mockup, layout_rooms
D:2:      layout_loops_cross, minmay_hexomino_f4

Notes
Turn   | Place    | Note
-------+----------+-------------------------------------------
     0 | D:1      | xzight the Gnoll Fighter began the quest for the Orb.
     0 | D:1      | Reached XP level 1. HP: 23/23 MP: 1/1
   176 | D:1      | Reached XP level 2. HP: 26/29 MP: 2/2
   554 | D:1      | Reached XP level 3. HP: 35/35 MP: 3/3
   811 | D:2      | Reached skill level 1 in Invocations
  1047 | D:2      | Reached skill level 1 in Short Blades
  1047 | D:2      | Reached skill level 1 in Long Blades
  1047 | D:2      | Reached skill level 1 in Axes
  1047 | D:2      | Reached skill level 1 in Maces & Flails
  1047 | D:2      | Reached skill level 1 in Staves
  1047 | D:2      | Reached skill level 1 in Ranged Weapons
  1047 | D:2      | Reached skill level 1 in Throwing
  1047 | D:2      | Reached skill level 1 in Dodging
  1047 | D:2      | Reached skill level 1 in Stealth
  1047 | D:2      | Reached skill level 1 in Unarmed Combat
  1047 | D:2      | Reached skill level 1 in Spellcasting
  1047 | D:2      | Reached skill level 1 in Evocations
  1232 | D:2      | Reached XP level 4. HP: 41/41 MP: 5/5
  1404 | D:2      | HP: 4/41 [gnoll/+0 flail of holy wrath (9)]
  1405 | D:2      | Slain by a gnoll

Vanquished Creatures
  2 gnolls (D:2)
  2 adders (D:2)
  3 dart slugs
  5 ball pythons
  3 endoplasms (D:1)
  3 giant cockroaches
  4 goblins (D:1)
  3 hobgoblins
  2 kobolds (D:2)
  2 quokkas (D:1)
  3 bats
  4 rats
36 creatures vanquished.

Table legend: (Time is in decaauts)
 A = Elapsed time spent in this place.
 B = Non-inter-level travel time spent in this place.
 C = Inter-level travel time spent in this place.
 D = Time resting spent in this place.
 E = Time spent auto-exploring this place.
 F = Levels seen in this place.
 G = Mean time per level.
                   A        B        C        D        E       F      G
               +--------+--------+--------+--------+--------+-----+--------+
         Total |   1416 |   1364 |     52 |      0 |   1132 |   2 |  708.0 |
       Dungeon |   1416 |   1364 |     52 |      0 |   1132 |   2 |  708.0 |
               +--------+--------+--------+--------+--------+-----+--------+

Top non-repeatable levels by time:
     D:2: 722 daAuts
     D:1: 694 daAuts

Table legend:
 A = Non-vault XP
 B = Vault XP
 C = Vault XP percentage of total XP
 D = Non-vault monster count
 E = Vault monster count
 F = Vault count percentage of total count
                 A         B        C        D         E       F
            +---------+---------+-------+---------+---------+-------
      Total |     101 |      15 |  12.9 |      33 |       3 |   8.3
            +---------+---------+-------+---------+---------+-------
        D:1 |      34 |       0 |   0.0 |      18 |       0 |   0.0
        D:2 |      67 |      15 |  18.3 |      15 |       3 |  16.7
            +---------+---------+-------+---------+---------+-------
